Construct Section Command Post
Construct Platoon Command Post
Selects Air and Sea Battlegroup
Construct Field Infirmary
Unlock Bishop Self-propelled Artillery
Bishop Self-propelled Artillery
Selects Commando Section Paradrop
Selects M1 Pack Howitzer Paradrop
Bishop Self-propelled Artillery
6-pounder Anti-tank Gun Team
Construct Company Command Post
Construct Field Infirmary
Bishop Self-propelled Artillery
Selects Incendiary Bombing Run
Unlock M3 Grant Medium Tanks